[ AOE2 MATCH · #476974447 ]
UnrankedSaracens vs Mongols
[ REPLAY ANALYSIS · EXTRACTED FROM THE RECORDED GAME ]
Feudal
10:33
Castle
19:05
Imperial
35:30
| APM avg | 16.6 |
| APM peak | 33 |
| eAPM avg | 11.5 |
| Villagers / military | 62 / 85 |
Focus
⚔️ 28.5% · 🌾 71.5%
Camel Scout ×32 · Skirmisher ×30 · Mameluke ×13 · Scout Cavalry ×5 · Trebuchet (Packed) ×2 · Monk ×1
Feudal
12:49
Castle
16:21
Imperial
38:04
| APM avg | 18.1 |
| APM peak | 44 |
| eAPM avg | 10.6 |
| Villagers / military | 82 / 36 |
Focus
⚔️ 22.7% · 🌾 77.3%
Mangudai ×22 · Steppe Lancer ×4 · Monk ×3 · Battering Ram ×3 · Petard ×2 · Mangonel ×1
Feudal
8:27
Castle
18:53
Imperial
32:37
| APM avg | 13.2 |
| APM peak | 39 |
| eAPM avg | 10.9 |
| Villagers / military | 73 / 52 |
Focus
⚔️ 30.7% · 🌾 69.3%
Unknown (2550) ×51 · Spearman ×42 · Trebuchet (Packed) ×5 · Battering Ram ×3 · Mangonel ×2
Feudal
10:24
Castle
16:26
Imperial
32:27
| APM avg | 27.2 |
| APM peak | 57 |
| eAPM avg | 14.6 |
| Villagers / military | 90 / 85 |
Focus
⚔️ 25.3% · 🌾 74.7%
Organ Gun ×29 · Knight ×25 · Skirmisher ×16 · Trebuchet (Packed) ×8 · Hand Cannoneer ×5 · Monk ×2
Match map
Initial resources + every placement click. Lines = walls · curves = elevation contours. ◆ gold · ⬟ stone · ● berries · ✦ relic · ◌ wall gap
Your base· ✓ Closed at 19:05 · 0t walls · 2 gate(s)
Gamezbold69's base· ✓ Closed at 16:21 · 0t walls · 2 gate(s)
4k_hd's base· ✓ Closed at 18:53 · 0t walls · 2 gate(s)
Deepj24's base· ✓ Closed at 16:26 · 0t walls · 3 gate(s)
Smoothed initial terrain · ◌ = detected wall gap · hover for details
Inputs per minute
— bernomen - - Gamezbold69
Build order — bernomen
First 150 of 246 actions detected
| 0:02 | Create | Villager (Male) |
| 0:02 | Create | Villager (Male) |
| 0:02 | Create | Villager (Male) |
| 0:12 | Build | House |
| 0:15 | Build | House |
| 1:33 | Create | Villager (Male) |
| 1:34 | Create | Villager (Male) |
| 2:04 | Build | Lumber Camp |
| 2:08 | Create | Villager (Male) |
| 2:35 | Create | Villager (Male) |
| 2:47 | Build | House |
| 2:49 | Build | House |
| 3:05 | Create | Villager (Male) |
| 3:21 | Create | Villager (Male) |
| 3:58 | Create | Villager (Male) |
| 4:21 | Create | Villager (Male) |
| 5:00 | Create | Villager (Male) |
| 5:33 | Create | Villager (Male) |
| 6:01 | Create | Villager (Male) |
| 6:14 | Create | Villager (Male) |
| 6:49 | Create | Villager (Male) |
| 6:54 | Create | Villager (Male) |
| 7:14 | Build | Mill |
| 7:19 | Build | Mining Camp |
| 8:23 | Research | Feudal Age |
| 8:39 | Build | Mining Camp |
| 9:11 | Build | House |
| 9:14 | Build | House |
| 9:15 | Build | House |
| 9:51 | Build | Barracks |
| 10:22 | Create | Villager (Male) |
| 10:22 | Create | Villager (Male) |
| 10:25 | Create | Villager (Male) |
| 10:33 | Age | Feudal Age |
| 10:36 | Research | Double-Bit Axe |
| 10:51 | Create | Militia |
| 10:53 | Create | Spearman |
| 11:01 | Research | Horse Collar |
| 11:05 | Build | Farm |
| 11:22 | Build | Farm |
| 11:25 | Create | Villager (Male) |
| 11:35 | Build | House |
| 11:41 | Build | Farm |
| 11:45 | Build | Farm |
| 11:48 | Create | Villager (Male) |
| 12:13 | Build | Farm |
| 12:19 | Build | Farm |
| 12:23 | Create | Villager (Male) |
| 12:41 | Build | Farm |
| 12:47 | Research | Gold Mining |
| 13:20 | Create | Villager (Male) |
| 13:24 | Build | Farm |
| 13:29 | Build | Farm |
| 13:34 | Create | Villager (Male) |
| 13:57 | Create | Villager (Male) |
| 14:06 | Build | Market |
| 14:12 | Create | Villager (Male) |
| 14:39 | Create | Villager (Male) |
| 14:50 | Build | Farm |
| 15:02 | Build | Blacksmith |
| 15:08 | Create | Villager (Male) |
| 15:37 | Create | Villager (Male) |
| 15:45 | Build | House |
| 15:47 | Build | House |
| 16:25 | Research | Castle Age |
| 16:32 | Build | Stable |
| 16:56 | Research | Stone Mining |
| 17:24 | Build | Stable |
| 17:46 | Research | Forging |
| 18:03 | Build | Farm |
| 18:33 | Research | Scale Barding Armor |
| 18:55 | Create | Villager (Male) |
| 19:05 | Age | Castle Age |
| 19:10 | Build | Town Center |
| 19:13 | Create | Camel Scout |
| 19:20 | Create | Villager (Male) |
| 19:36 | Build | Monastery |
| 19:37 | Create | Villager (Male) |
| 19:46 | Create | Camel Scout |
| 20:08 | Build | Farm |
| 20:12 | Create | Villager (Male) |
| 20:25 | Build | Farm |
| 20:27 | Create | Monk |
| 20:39 | Create | Camel Scout |
| 20:42 | Create | Camel Scout |
| 20:56 | Create | Camel Scout |
| 21:00 | Build | Farm |
| 21:21 | Research | Bloodlines |
| 21:35 | Create | Villager (Male) |
| 21:47 | Build | Castle |
| 21:54 | Create | Villager (Male) |
| 21:59 | Create | Villager (Male) |
| 22:10 | Create | Camel Scout |
| 22:13 | Build | Farm |
| 22:18 | Create | Villager (Male) |
| 22:34 | Build | Farm |
| 22:46 | Research | Husbandry |
| 22:58 | Create | Villager (Male) |
| 23:01 | Build | Farm |
| 23:13 | Create | Villager (Male) |
| 23:25 | Build | Stable |
| 23:29 | Build | Farm |
| 23:33 | Research | Heavy Plow |
| 23:42 | Create | Villager (Male) |
| 23:54 | Create | Mameluke |
| 24:11 | Build | Archery Range |
| 24:13 | Create | Mameluke |
| 24:18 | Build | Farm |
| 24:19 | Create | Villager (Male) |
| 24:25 | Create | Villager (Male) |
| 24:37 | Build | Archery Range |
| 24:40 | Create | Mameluke |
| 24:47 | Build | Farm |
| 24:48 | Create | Villager (Male) |
| 24:55 | Create | Camel Scout |
| 25:03 | Create | Villager (Male) |
| 25:06 | Build | Farm |
| 25:13 | Create | Villager (Male) |
| 25:19 | Create | Mameluke |
| 25:23 | Build | Farm |
| 25:27 | Create | Villager (Male) |
| 25:51 | Research | Bow Saw |
| 25:55 | Build | Farm |
| 25:58 | Create | Villager (Male) |
| 26:03 | Build | Farm |
| 26:25 | Build | Farm |
| 26:26 | Create | Villager (Male) |
| 26:30 | Create | Mameluke |
| 26:36 | Build | Farm |
| 26:40 | Build | Mining Camp |
| 26:46 | Create | Villager (Male) |
| 26:50 | Research | Elite Skirmisher (upgrade) |
| 26:58 | Research | Chain Barding Armor |
| 27:08 | Create | Skirmisher |
| 27:27 | Research | Iron Casting |
| 27:39 | Create | Skirmisher |
| 27:40 | Create | Skirmisher |
| 27:50 | Build | University |
| 27:51 | Create | Villager (Male) |
| 27:59 | Build | Farm |
| 28:05 | Create | Skirmisher |
| 28:10 | Create | Villager (Male) |
| 28:55 | Create | Camel Scout |
| 29:19 | Build | Stone Wall |
| 29:25 | Create | Mameluke |
| 29:29 | Create | Camel Scout |
| 29:29 | Create | Camel Scout |
| 29:34 | Research | Fletching |
| 29:38 | Build | House |
| 29:39 | Build | House |
Build order — Gamezbold69
First 150 of 220 actions detected
| 0:02 | Build | House |
| 0:04 | Build | House |
| 0:10 | Research | Loom |
| 0:10 | Create | Villager (Male) |
| 0:10 | Create | Villager (Male) |
| 0:10 | Create | Villager (Male) |
| 0:11 | Create | Villager (Male) |
| 0:11 | Create | Villager (Male) |
| 1:54 | Create | Villager (Male) |
| 1:54 | Create | Villager (Male) |
| 2:24 | Build | Lumber Camp |
| 2:36 | Create | Villager (Male) |
| 2:36 | Create | Villager (Male) |
| 3:11 | Create | Villager (Male) |
| 3:12 | Create | Villager (Male) |
| 4:04 | Create | Villager (Male) |
| 4:05 | Create | Villager (Male) |
| 4:05 | Create | Villager (Male) |
| 4:23 | Build | House |
| 4:40 | Create | Villager (Male) |
| 5:03 | Create | Villager (Male) |
| 5:05 | Create | Villager (Male) |
| 5:32 | Create | Villager (Male) |
| 6:12 | Create | Villager (Male) |
| 6:12 | Create | Villager (Male) |
| 6:29 | Build | House |
| 6:56 | Build | Mill |
| 7:44 | Create | Villager (Male) |
| 7:44 | Create | Villager (Male) |
| 7:45 | Create | Villager (Male) |
| 8:14 | Build | Farm |
| 8:41 | Build | House |
| 8:45 | Build | Farm |
| 8:50 | Create | Villager (Male) |
| 8:50 | Create | Villager (Male) |
| 9:02 | Build | Farm |
| 9:30 | Build | Mining Camp |
| 9:39 | Build | Mining Camp |
| 9:41 | Create | Villager (Male) |
| 9:48 | Build | Barracks |
| 9:51 | Build | House |
| 10:05 | Create | Villager (Male) |
| 10:08 | Research | Feudal Age |
| 10:47 | Build | House |
| 10:55 | Build | Farm |
| 11:31 | Build | House |
| 12:14 | Build | House |
| 12:49 | Age | Feudal Age |
| 12:52 | Build | Market |
| 12:58 | Build | Blacksmith |
| 12:59 | Create | Villager (Male) |
| 13:11 | Build | Farm |
| 13:16 | Research | Double-Bit Axe |
| 13:28 | Build | House |
| 13:41 | Research | Castle Age |
| 13:45 | Build | Farm |
| 13:51 | Research | Horse Collar |
| 13:58 | Build | Mining Camp |
| 14:14 | Build | Stable |
| 15:20 | Research | Bloodlines |
| 15:59 | Build | Stable |
| 16:15 | Build | Mining Camp |
| 16:21 | Age | Castle Age |
| 16:22 | Create | Villager (Male) |
| 16:43 | Create | Villager (Male) |
| 17:02 | Create | Steppe Lancer |
| 17:05 | Research | Husbandry |
| 17:06 | Create | Villager (Male) |
| 17:17 | Build | Farm |
| 17:31 | Create | Villager (Male) |
| 17:35 | Build | Farm |
| 17:48 | Create | Steppe Lancer |
| 17:50 | Create | Steppe Lancer |
| 17:53 | Create | Villager (Male) |
| 18:22 | Create | Villager (Male) |
| 18:52 | Create | Villager (Male) |
| 18:59 | Create | Steppe Lancer |
| 19:27 | Create | Villager (Male) |
| 19:56 | Build | Castle |
| 19:58 | Create | Villager (Male) |
| 20:09 | Create | Villager (Male) |
| 20:22 | Research | Forging |
| 20:25 | Create | Villager (Male) |
| 20:45 | Build | House |
| 20:48 | Build | House |
| 20:51 | Build | Palisade Wall |
| 20:56 | Build | Palisade Wall |
| 21:39 | Create | Villager (Male) |
| 21:58 | Create | Villager (Male) |
| 22:14 | Build | Siege Workshop |
| 22:15 | Create | Mangudai |
| 22:21 | Research | Fletching |
| 22:26 | Create | Villager (Male) |
| 22:36 | Build | Town Center |
| 22:41 | Create | Villager (Male) |
| 22:46 | Create | Petard |
| 22:54 | Build | Lumber Camp |
| 23:02 | Build | Mining Camp |
| 23:12 | Create | Villager (Male) |
| 23:30 | Create | Mangudai |
| 23:42 | Create | Villager (Male) |
| 23:44 | Create | Battering Ram |
| 23:49 | Create | Petard |
| 23:51 | Create | Villager (Male) |
| 24:05 | Build | University |
| 24:21 | Create | Battering Ram |
| 24:23 | Create | Mangudai |
| 24:34 | Create | Villager (Male) |
| 24:40 | Research | Bodkin Arrow |
| 24:53 | Create | Mangudai |
| 25:02 | Create | Villager (Male) |
| 25:04 | Create | Villager (Male) |
| 25:29 | Create | Mangudai |
| 25:31 | Create | Villager (Male) |
| 25:36 | Create | Villager (Male) |
| 25:46 | Create | Mangudai |
| 25:58 | Create | Mangudai |
| 26:24 | Create | Villager (Male) |
| 26:25 | Create | Villager (Male) |
| 26:32 | Research | Ballistics |
| 26:42 | Build | Farm |
| 26:43 | Build | Farm |
| 26:43 | Build | Farm |
| 27:15 | Build | Monastery |
| 27:23 | Create | Villager (Male) |
| 27:23 | Create | Villager (Male) |
| 27:28 | Create | Mangudai |
| 28:05 | Create | Villager (Male) |
| 28:06 | Create | Villager (Male) |
| 28:08 | Create | Monk |
| 28:25 | Build | Archery Range |
| 29:14 | Create | Mangudai |
| 29:15 | Create | Mangudai |
| 29:19 | Create | Villager (Male) |
| 29:41 | Build | Castle |
| 29:42 | Create | Monk |
| 29:46 | Create | Villager (Male) |
| 29:46 | Create | Villager (Male) |
| 30:11 | Research | Thumb Ring |
| 30:12 | Create | Villager (Male) |
| 30:20 | Create | Villager (Male) |
| 30:50 | Research | Fervor |
| 31:02 | Research | Herbal Medicine |
| 31:02 | Create | Mangudai |
| 31:12 | Create | Mangudai |
| 31:13 | Create | Mangudai |
| 31:15 | Create | Villager (Male) |
| 31:16 | Create | Villager (Male) |
| 31:17 | Create | Villager (Male) |
| 31:52 | Create | Villager (Male) |
Build order — 4k_hd
First 150 of 240 actions detected
| 0:03 | Build | House |
| 0:08 | Create | Villager (Male) ×4 |
| 0:08 | Create | Villager (Male) ×4 |
| 0:11 | Research | Loom |
| 2:09 | Create | Villager (Male) |
| 2:32 | Create | Villager (Male) |
| 2:43 | Build | Settlement |
| 2:52 | Create | Villager (Male) |
| 2:53 | Create | Villager (Male) |
| 4:03 | Create | Villager (Male) |
| 4:04 | Create | Villager (Male) |
| 4:34 | Create | Villager (Male) |
| 4:58 | Create | Villager (Male) |
| 5:29 | Create | Villager (Male) |
| 5:49 | Create | Villager (Male) |
| 6:14 | Research | Feudal Age |
| 6:19 | Create | Villager (Male) |
| 6:41 | Create | Villager (Male) |
| 7:22 | Build | Outpost |
| 7:31 | Create | Villager (Male) |
| 8:27 | Age | Feudal Age |
| 8:29 | Research | Double-Bit Axe |
| 8:35 | Research | Horse Collar |
| 8:53 | Create | Villager (Male) |
| 9:27 | Create | Villager (Male) |
| 9:51 | Create | Villager (Male) |
| 10:25 | Create | Villager (Male) |
| 10:32 | Build | Settlement |
| 10:45 | Create | Villager (Male) |
| 10:45 | Create | Villager (Male) |
| 11:23 | Create | Villager (Male) |
| 11:23 | Create | Villager (Male) |
| 11:46 | Create | Villager (Male) |
| 12:01 | Build | Farm |
| 12:01 | Build | Farm |
| 12:02 | Build | Farm |
| 12:02 | Build | Farm |
| 12:19 | Create | Villager (Male) |
| 12:26 | Build | Market |
| 12:45 | Build | Blacksmith |
| 12:51 | Create | Villager (Male) |
| 13:23 | Create | Villager (Male) |
| 13:50 | Build | Barracks |
| 14:00 | Create | Villager (Male) |
| 14:16 | Build | Farm |
| 14:16 | Build | Farm |
| 14:17 | Build | Farm |
| 14:17 | Build | Farm |
| 14:17 | Build | Farm |
| 14:24 | Create | Villager (Male) |
| 14:25 | Create | Villager (Male) |
| 14:56 | Build | Archery Range |
| 15:02 | Build | Settlement |
| 15:35 | Build | House |
| 15:39 | Build | House |
| 16:13 | Research | Castle Age |
| 17:11 | Build | Farm |
| 17:11 | Build | Farm |
| 17:11 | Build | Farm |
| 17:12 | Build | Farm |
| 17:12 | Build | Farm |
| 17:12 | Build | Farm |
| 17:31 | Build | Farm |
| 17:49 | Create | Villager (Male) |
| 17:50 | Create | Villager (Male) |
| 18:18 | Create | Villager (Male) |
| 18:22 | Research | Wheelbarrow |
| 18:39 | Research | Stone Mining |
| 18:41 | Research | Gold Mining |
| 18:46 | Research | Gold Mining |
| 18:53 | Age | Castle Age |
| 19:05 | Research | Squires |
| 19:06 | Research | Pikeman (upgrade) |
| 19:07 | Create | Spearman |
| 19:07 | Create | Spearman |
| 19:08 | Create | Spearman |
| 20:07 | Build | Castle |
| 20:34 | Research | Arson |
| 20:34 | Create | Spearman |
| 20:35 | Create | Spearman |
| 20:41 | Research | Scale Mail Armor |
| 20:42 | Research | Forging |
| 20:54 | Research | Bow Saw |
| 21:04 | Research | Heavy Plow |
| 21:40 | Create | Villager (Male) |
| 21:40 | Create | Villager (Male) |
| 21:59 | Create | Villager (Male) |
| 22:12 | Research | Stone Shaft Mining |
| 22:18 | Create | Villager (Male) |
| 22:18 | Create | Villager (Male) |
| 22:32 | Build | Town Center |
| 23:23 | Research | Gold Shaft Mining |
| 23:28 | Create | Villager (Male) |
| 23:28 | Create | Villager (Male) |
| 24:02 | Build | Siege Workshop |
| 24:21 | Build | Castle |
| 24:26 | Build | Farm |
| 24:30 | Create | Villager (Male) |
| 24:30 | Create | Villager (Male) |
| 24:34 | Create | Villager (Male) |
| 24:35 | Create | Villager (Male) |
| 24:35 | Create | Villager (Male) |
| 24:35 | Create | Villager (Male) |
| 24:35 | Create | Villager (Male) |
| 24:53 | Create | Villager (Male) |
| 24:53 | Create | Villager (Male) |
| 24:54 | Create | Villager (Male) |
| 24:59 | Create | Villager (Male) |
| 24:59 | Create | Villager (Male) |
| 25:03 | Build | Farm |
| 25:06 | Create | Villager (Male) |
| 25:06 | Create | Villager (Male) |
| 25:37 | Build | Stone Wall |
| 25:49 | Build | Stone Wall |
| 25:53 | Build | Gate |
| 26:01 | Create | Mangonel |
| 26:17 | Build | Gate |
| 26:30 | Research | Hand Cart |
| 26:33 | Create | Villager (Male) |
| 26:43 | Research | Chain Mail Armor |
| 26:54 | Build | Farm |
| 26:54 | Build | Farm |
| 26:55 | Build | Farm |
| 26:55 | Build | Farm |
| 27:23 | Create | Villager (Male) |
| 27:29 | Create | Villager (Male) |
| 27:29 | Create | Villager (Male) |
| 27:53 | Build | Castle |
| 29:00 | Create | Mangonel |
| 29:27 | Research | Imperial Age |
| 30:07 | Create | Villager (Male) |
| 30:07 | Create | Villager (Male) |
| 30:07 | Create | Villager (Male) |
| 30:15 | Build | Farm |
| 30:15 | Build | Farm |
| 30:15 | Build | Farm |
| 30:16 | Build | Farm |
| 30:16 | Build | Farm |
| 30:16 | Build | Farm |
| 30:24 | Build | Farm |
| 30:25 | Build | Farm |
| 30:54 | Research | Tech 1402 |
| 30:55 | Create | Unit 2550 |
| 30:55 | Create | Unit 2550 |
| 30:55 | Create | Unit 2550 |
| 30:56 | Create | Unit 2550 |
| 31:04 | Research | Iron Casting |
| 31:31 | Build | Castle |
| 31:53 | Build | Barracks |
| 31:57 | Build | Barracks |
Build order — Deepj24
First 150 of 291 actions detected
| 0:04 | Build | House |
| 0:06 | Build | House |
| 0:07 | Create | Villager (Male) |
| 0:07 | Create | Villager (Male) |
| 0:20 | Create | Villager (Male) |
| 0:20 | Create | Villager (Male) |
| 0:20 | Create | Villager (Male) |
| 1:40 | Create | Villager (Male) |
| 1:59 | Create | Villager (Male) |
| 1:59 | Create | Villager (Male) |
| 2:31 | Create | Villager (Male) |
| 2:41 | Create | Villager (Male) |
| 2:41 | Create | Villager (Male) |
| 2:44 | Build | Lumber Camp |
| 3:05 | Create | Villager (Male) |
| 3:38 | Create | Villager (Male) |
| 3:53 | Create | Villager (Male) |
| 3:56 | Build | House |
| 4:54 | Build | Mill |
| 4:59 | Create | Villager (Male) |
| 5:04 | Create | Villager (Male) |
| 5:21 | Create | Villager (Male) |
| 5:29 | Create | Villager (Male) |
| 6:15 | Create | Villager (Male) |
| 6:31 | Create | Villager (Male) |
| 6:43 | Build | House |
| 6:55 | Research | Loom |
| 6:56 | Create | Villager (Male) |
| 7:07 | Build | Mining Camp |
| 7:22 | Create | Villager (Male) |
| 8:04 | Research | Feudal Age |
| 8:28 | Build | Mining Camp |
| 8:47 | Create | Villager (Male) |
| 9:38 | Create | Villager (Male) |
| 9:44 | Build | House |
| 10:24 | Age | Feudal Age |
| 10:30 | Create | Villager (Male) |
| 10:40 | Build | Market |
| 10:45 | Build | Blacksmith |
| 10:47 | Create | Villager (Male) |
| 10:59 | Create | Villager (Male) |
| 11:47 | Build | House |
| 12:09 | Create | Villager (Male) |
| 12:17 | Build | Farm |
| 12:25 | Build | Farm |
| 12:54 | Create | Villager (Male) |
| 13:00 | Build | Farm |
| 13:16 | Create | Villager (Male) |
| 13:19 | Build | Farm |
| 13:47 | Research | Castle Age |
| 13:55 | Build | Farm |
| 13:57 | Build | Farm |
| 14:07 | Build | Barracks |
| 14:16 | Create | Villager (Male) |
| 14:46 | Research | Double-Bit Axe |
| 15:14 | Research | Horse Collar |
| 15:19 | Build | Stable |
| 15:24 | Build | House |
| 15:25 | Build | House |
| 15:33 | Create | Villager (Male) |
| 15:39 | Build | Lumber Camp |
| 15:50 | Build | Farm |
| 16:04 | Research | Stone Mining |
| 16:23 | Create | Villager (Male) |
| 16:26 | Age | Castle Age |
| 16:29 | Create | Knight |
| 17:03 | Create | Knight |
| 17:25 | Create | Villager (Male) |
| 17:32 | Build | Town Center |
| 17:38 | Create | Villager (Male) |
| 17:39 | Build | Farm |
| 17:49 | Create | Villager (Male) |
| 17:58 | Create | Knight |
| 18:28 | Research | Fletching |
| 18:36 | Build | Farm |
| 18:52 | Create | Villager (Male) |
| 18:58 | Build | Farm |
| 19:00 | Build | Farm |
| 19:04 | Create | Villager (Male) |
| 19:40 | Create | Knight |
| 19:43 | Create | Villager (Male) |
| 19:54 | Build | Castle |
| 20:10 | Create | Villager (Male) |
| 20:19 | Build | Monastery |
| 20:21 | Create | Villager (Male) |
| 20:26 | Create | Villager (Male) |
| 20:46 | Create | Villager (Male) |
| 20:50 | Create | Villager (Male) |
| 21:19 | Create | Monk |
| 21:22 | Create | Villager (Male) |
| 21:27 | Build | Farm |
| 21:31 | Create | Villager (Male) |
| 21:34 | Create | Villager (Male) |
| 21:53 | Build | Stable |
| 21:55 | Create | Organ Gun |
| 21:55 | Create | Organ Gun |
| 22:05 | Build | Mining Camp |
| 22:09 | Create | Monk |
| 22:13 | Create | Knight |
| 22:20 | Create | Villager (Male) |
| 22:26 | Build | Farm |
| 22:27 | Create | Villager (Male) |
| 22:29 | Research | Town Watch |
| 22:43 | Create | Organ Gun |
| 22:49 | Create | Villager (Male) |
| 22:54 | Build | Farm |
| 22:57 | Create | Villager (Male) |
| 23:27 | Create | Organ Gun |
| 23:38 | Create | Organ Gun |
| 23:47 | Research | Gold Mining |
| 23:50 | Create | Villager (Male) |
| 23:50 | Create | Villager (Male) |
| 23:55 | Build | Farm |
| 23:57 | Create | Villager (Male) |
| 24:04 | Build | Lumber Camp |
| 24:06 | Create | Villager (Male) |
| 24:13 | Build | Lumber Camp |
| 24:32 | Create | Villager (Male) |
| 24:36 | Build | Farm |
| 24:37 | Create | Villager (Male) |
| 24:39 | Create | Villager (Male) |
| 24:47 | Create | Villager (Male) |
| 24:51 | Build | Farm |
| 24:58 | Build | Farm |
| 25:01 | Create | Villager (Male) |
| 25:09 | Build | House |
| 25:10 | Build | House |
| 25:22 | Research | Wheelbarrow |
| 25:35 | Build | House |
| 25:37 | Build | House |
| 25:40 | Build | House |
| 25:41 | Build | House |
| 26:02 | Create | Organ Gun |
| 26:13 | Research | Heavy Plow |
| 26:15 | Create | Villager (Male) |
| 26:24 | Research | Forging |
| 26:27 | Research | Hand Cart |
| 26:55 | Build | Stable |
| 26:57 | Build | Archery Range |
| 27:04 | Build | Stable |
| 27:07 | Create | Organ Gun |
| 27:07 | Create | Organ Gun |
| 27:07 | Create | Organ Gun |
| 27:17 | Create | Villager (Male) |
| 27:25 | Build | Farm |
| 27:34 | Research | Bow Saw |
| 28:03 | Create | Villager (Male) |
| 28:04 | Create | Villager (Male) |
| 28:10 | Build | House |
| 28:12 | Build | House |
Match timeline
| 8:27 | 4k_hd · age_up feudal |
| 9:48 | Gamezbold69 · first_building Barracks |
| 9:51 | bernomen · first_building Barracks |
| 10:24 | Deepj24 · age_up feudal |
| 10:33 | bernomen · age_up feudal |
| 12:49 | Gamezbold69 · age_up feudal |
| 13:50 | 4k_hd · first_building Barracks |
| 14:07 | Deepj24 · first_building Barracks |
| 14:14 | Gamezbold69 · first_building Stable |
| 14:56 | 4k_hd · first_building Archery Range |
| 15:15 | bernomen · first_market_buy 100 food |
| 15:18 | bernomen · first_market_sell 100 stone |
| 15:19 | Deepj24 · first_building Stable |
| 15:56 | 4k_hd · first_market_sell 100 wood |
| 16:00 | 4k_hd · first_market_buy 100 food |
| 16:21 | Gamezbold69 · age_up castle |
| 16:26 | Deepj24 · age_up castle |
| 16:32 | bernomen · first_building Stable |
| 18:53 | 4k_hd · age_up castle |
| 19:05 | bernomen · age_up castle |
| 19:36 | bernomen · first_building Monastery |
| 19:54 | Deepj24 · first_building Castle |
| 19:56 | Gamezbold69 · first_building Castle |
| 20:07 | 4k_hd · first_building Castle |
| 20:19 | Deepj24 · first_building Monastery |
| 20:51 | Gamezbold69 · wall_segment Palisade Wall x4 |
| 20:56 | Gamezbold69 · wall_segment Palisade Wall x3 |
| 21:47 | bernomen · first_building Castle |
| 22:14 | Gamezbold69 · first_building Siege Workshop |
| 23:34 | Gamezbold69 · first_market_buy 100 wood |
| 24:02 | 4k_hd · first_building Siege Workshop |
| 24:11 | bernomen · first_building Archery Range |
| 25:37 | 4k_hd · wall_segment Stone Wall x10 |
| 25:49 | 4k_hd · wall_segment Stone Wall x5 |
| 26:07 | Deepj24 · first_market_buy 100 food |
| 26:57 | Deepj24 · first_building Archery Range |
| 27:15 | Gamezbold69 · first_building Monastery |
| 28:25 | Gamezbold69 · first_building Archery Range |
| 28:58 | Deepj24 · first_market_sell 100 wood |
| 29:19 | bernomen · wall_segment Stone Wall x3 |
| 32:27 | Deepj24 · age_up imperial |
| 32:37 | 4k_hd · age_up imperial |
| 35:30 | bernomen · age_up imperial |
| 36:06 | bernomen · wall_segment Stone Wall x6 |
| 36:14 | 4k_hd · wall_segment Stone Wall x5 |
| 38:04 | Gamezbold69 · age_up imperial |
| 41:57 | Gamezbold69 · resign |
[ AI ANALYSIS · 1 CREDIT ]
What really happened in this match?
Wolo.gg analyzes every decision: build order, eco, micro, common mistakes by bracket. Personalized analysis on WhatsApp or Discord in 30 seconds.
Civ guide
Saracens
Perfil
Jugador #7440707